 Dungeon Crawl Stone Soup version 0.23-a0-321-g6bcb69f (webtiles) character file.

21 tsouns the Chopper (level 2, 0/19 HPs)
             Began as an Octopode Wanderer on Oct 12, 2018.
             Was an Initiate of Ru.
             Slain by an ooze (4 damage)
             ... on level 2 of the Dungeon on Oct 15, 2018.
             The game lasted 00:02:25 (965 turns).

tsouns the Chopper (Octopode Wanderer)               Turns: 965, Time: 00:02:26

Health: 0/19       AC:  1    Str:  8    XL:     2   Next: 87%
Magic:  6/6        EV: 12    Int: 15    God:    Ru [......]
Gold:   37         SH:  0    Dex: 13    Spells: 6/7 levels left

rFire    . . .     SeeInvis .   b - +0 hand axe
rCold    . . .     Gourm    .   (no shield)
rNeg     . . .     Faith    .   (helmet restricted)
rPois    .         Spirit   .   (no amulet)
rElec    .         Reflect  .   h - ring of resist corrosion
rCorr    +         Harm     .   (no ring)
MR       .....                  (no ring)
Stlth    ++........             (no ring)
HPRegen  0.06/turn              (no ring)
MPRegen  0.10/turn              (no ring)
                                (no ring)
                                (no ring)

@: no status effects
A: almost no armour, stealthy swim, amphibious, 8 rings, constrict 8, camouflage
1, gelatinous body 1
a: Renounce Religion


You were on level 2 of the Dungeon.
You worshipped Ru.
Ru was noncommittal.
You were not hungry.

You visited 1 branch of the dungeon, and saw 2 of its levels.

You collected 37 gold pieces.

Inventory:

Hand Weapons
 b - a +0 hand axe (weapon)
 d - a +0 blowgun
Missiles
 a - 18 bolts
 c - 29 poisoned needles
 j - 32 stones (quivered)
Jewellery
 h - a ring of resist corrosion (left tentacle)
Scrolls
 e - a scroll of teleportation
Potions
 k - a potion of curing {unknown}
 l - a potion of heal wounds {unknown}
 m - a potion of might {unknown}
 o - a potion of mutation {unknown}
Comestibles
 f - 4 rations
 n - a chunk of flesh


   Skills:
 + Level 2.3 Fighting
 + Level 3.7 Axes
 - Level 1.0 Throwing
 + Level 0.4 Stealth
 - Level 3.0 Spellcasting
 + Level 0.2 Conjurations
   Level 1.1 Evocations


You had 6 spell levels left.
You knew the following spells:

 Your Spells              Type           Power        Failure   Level  Hunger
a - Magic Dart            Conj           #...         19%         1    #......

Your spell library contained the following spells:

 Spells                   Type           Power        Failure   Level  Hunger
 Blink                    Tloc           N/A          30%         2    ##.....
 Call Imp                 Summ           #.......     30%         2    ##.....
 Slow                     Hex            #.......     30%         2    ##.....
 Conjure Flame            Conj/Fire      #.......     50%         3    ###....
 Mephitic Cloud           Conj/Pois/Air  #.......     52%         3    ###....


Dungeon Overview and Level Annotations

Branches:
Dungeon (2/15)

Altars:
Kikubaaqudgha
Nemelex Xobeh
Ru
Uskayaw
The Shining One


Innate Abilities, Weirdness & Mutations

You cannot wear most types of armour.
You are very stealthy in the water. (Stealth+)
You are amphibious.
You can wear up to eight rings at the same time.
You can use your tentacles to constrict eight enemies at once.
Your skin changes colour to match your surroundings (Stealth+).
Your rubbery body absorbs attacks. (AC +1, EV +1)


Message History

You hit the ooze.
The ooze is moderately wounded.
The ooze closely misses you.
You barely miss the ooze.
The ooze is moderately wounded.
The ooze closely misses you. x2
You hit the ooze.
The ooze is heavily wounded.
The ooze hits you but does no damage.
You hit the ooze but do no damage.
The ooze is heavily wounded.
The ooze hits you.
You hit the ooze but do no damage.
The ooze is heavily wounded.
The ooze hits you.
* * * LOW HITPOINT WARNING * * *
You hit the ooze.
The ooze is heavily wounded.
The ooze hits you.
You die...

#.#.# #.# #.#.# #.#
*...# #.# *#..# #.#
####.†# #.# ,...#.#
#.#########*
**#.#.###.........,*
###..............#,*
...##)##########@#,*
..?...>#.......#J#,*
$..[...........#S#,*
...#####.#######.#,*
...* #.....S...#,*
..,****###########,*
.,,,,,,,,,,,,,,,,,,*
,,,*****************
,,,*


You could see an ooze and an adder.

Vanquished Creatures
  A leopard gecko (D:2)
  A giant cockroach (D:1)
  7 hobgoblins
  4 bats (D:1)
  2 frilled lizards (D:1)
  A kobold (D:1)
  5 rats
21 creatures vanquished.

Notes
Turn   | Place    | Note
-------+----------+-------------------------------------------
     0 | D:1      | tsouns the Octopode Wanderer began the quest for the Orb.
     0 | D:1      | tsouns set off with: a +0 hand axe, 13 poisoned needles, a
                  | +0 blowgun, a ration
     0 | D:1      | Reached XP level 1. HP: 14/14 MP: 4/4
     2 | D:1      | Learned a level 1 spell: Magic Dart
    69 | D:1      | Upgraded the game from 0.23-a0-310-gdcc7a32 to
                  | 0.23-a0-321-g6bcb69f
   413 | D:1      | Reached XP level 2. HP: 17/19 MP: 4/6
   874 | D:2      | Found a hide-covered altar of Uskayaw.
   876 | D:2      | Found a glowing golden altar of the Shining One.
   876 | D:2      | Found a sacrificial altar of Ru.
   878 | D:2      | Found a sparkling altar of Nemelex Xobeh.
   879 | D:2      | Found an ancient bone altar of Kikubaaqudgha.
   892 | D:2      | Became a worshipper of Ru the Awakened
   965 | D:2      | Slain by an ooze

Vault maps used:
D:1:      dpeg_arrival_tiny_k, minmay_misc_feat_rows, minmay_strange_pillars,
          roderic_roman_lattice
D:2:      grunt_temple_overflow_open, uniq_jessica, uniq_natasha

Action                   || total
-------------------------++-------
Melee: Hand axe          ||    43
       Constrict         ||     9
       Tentacles         ||     7
 Cast: Magic Dart        ||     6
  Use: Scroll            ||     4
 Stab: Sleeping          ||     6
Armor: Skin              ||     2
Dodge: Dodged            ||    22

Table legend:
 A = Non-vault XP
 B = Vault XP
 C = Vault XP percentage of total XP
 D = Non-vault monster count
 E = Vault monster count
 F = Vault count percentage of total count
                 A         B        C        D         E       F
            +---------+---------+-------+---------+---------+-------
      Total |      31 |       0 |   0.0 |      21 |       0 |   0.0
            +---------+---------+-------+---------+---------+-------
        D:1 |      23 |       0 |   0.0 |      17 |       0 |   0.0
        D:2 |       8 |       0 |   0.0 |       4 |       0 |   0.0
            +---------+---------+-------+---------+---------+-------
